 Dungeon Crawl Stone Soup version 0.24.0-1-gfbc8707 (webtiles) character file.

Game seed: 2073880152085439873, levelgen mode: deterministic

333 Faca the Archer (level 6, -9/55 HPs)
             Began as a Centaur Hunter on Oct 26, 2019.
             Mangled by Menkaure (13 damage)
             ... on level 4 of the Dungeon.
             The game lasted 00:09:18 (5227 turns).

Faca the Archer (Centaur Hunter)                    Turns: 5227, Time: 00:09:19

Health: -9/55      AC:  8    Str: 16    XL:     6   Next: 27%
Magic:  6/6        EV:  8    Int: 10    God:
Gold:   156        SH:  0    Dex:  5    Spells: 5/5 levels left

rFire    + + .     SeeInvis .   g - +0 trident
rCold    . . .     Gourm    .   (no shield)
rNeg     . . .     Faith    .   b - +1 ring mail
rPois    +         Spirit   .   (no helmet)
rElec    .         Reflect  .   o - +1 cloak of Xiosoaz {rPois rF++ Dex-5 Stlth+}
rCorr    .         Harm     .   (no gloves)
MR       .....                  (no barding)
Stlth    +.........             (no amulet)
HPRegen  0.18/turn              (no ring)
MPRegen  0.10/turn              (no ring)

@: very quick
A: large, hooves 3, deformed body, speed 2, tough skin 3
a: no special abilities


You were on level 4 of the Dungeon.
You were not hungry.

You visited 1 branch of the dungeon, and saw 4 of its levels.

You collected 156 gold pieces.

Inventory:

Hand Weapons
 a - a +1 shortbow
 g - a +0 trident (weapon)
Missiles
 d - 44 arrows
Armour
 b - a +1 ring mail (worn)
 o - the +1 cloak of Xiosoaz (worn) {rPois rF++ Dex-5 Stlth+}
   (You found it on level 4 of the Dungeon)

   It affects your dexterity (-5).
   It greatly protects you from fire.
   It protects you from poison.
   It makes you more stealthy.
Jewellery
 h - an uncursed ring of protection from cold
 j - an uncursed amulet of faith
Scrolls
 i - a scroll of teleportation
 m - a scroll of immolation {unknown}
 p - 2 scrolls of identify
Potions
 c - 2 potions of curing
 e - a potion of might
 l - a potion of flight
 n - a potion of haste
Comestibles
 f - 12 rations
 k - 2 chunks of flesh


   Skills:
 + Level 4.9 Fighting
 + Level 0.2 Polearms
 + Level 8.0 Bows
 - Level 1.3 Dodging
 - Level 0.4 Stealth


You had 5 spell levels left.
You didn't know any spells.
Your spell library was empty.

Dungeon Overview and Level Annotations

Branches:
Dungeon (4/15)
 Temple: D:4-7

Altars:
Elyvilon
Nemelex Xobeh
Trog
Zin
The Shining One

Annotations:
D:2 1 runed translucent door, Crazy Yiuf
D:4 Menkaure


Innate Abilities, Weirdness & Mutations

You have hooves in place of feet.
Armour fits poorly on your strangely shaped body.
You cover ground very quickly.
You have extremely tough skin. (AC +3)


Message History

Menkaure is moderately damaged.
Menkaure barely misses you.
You hit Menkaure. You kick Menkaure.
Menkaure is heavily damaged.
Menkaure mumbles some strange words.
Menkaure seems to speed up.
You barely miss Menkaure. You kick Menkaure.
Menkaure is severely damaged.
Menkaure hits you.
You barely miss Menkaure. You kick Menkaure.
Menkaure is almost destroyed.
Menkaure hits you!
* * * LOW HITPOINT WARNING * * *
Menkaure points at you and mumbles some strange words.
Pain shoots through your body!
* * * LOW HITPOINT WARNING * * *
You barely miss Menkaure.
Menkaure is almost destroyed.
Menkaure hits you!
You die...

.....#
.....#
######
......
####### #
#########
....(.#.#
....$..#.
#....(...
#.M......
#.......#
#@#
#.......#
#.#
...##+#.#
#.#
...##.# #
#.#
...##.#
#.#
รท..##.#
#.#.#
...##.#
#.#.#
...##.#
#.#.#
...##.#
#.#.#


You could see Menkaure.

Vanquished Creatures
  2 orc priests (D:3)
  2 hounds (D:4)
  A worker ant (D:4)
  Natasha (D:3)
  6 adders
  An ooze (D:1)
  5 worms
  3 dart slugs
  2 leopard geckos
  13 orcs
  3 ball pythons
  4 bats
  3 giant cockroaches
  8 hobgoblins
  8 jackals
  6 kobolds
  A quokka (D:3)
  3 frilled lizards
  7 goblins
  A quokka skeleton (D:3)
  5 rats
  A fungus (D:2)
86 creatures vanquished.

Notes
Turn   | Place    | Note
-------+----------+-------------------------------------------
     0 | D:1      | Faca the Centaur Hunter began the quest for the Orb.
     0 | D:1      | Reached XP level 1. HP: 17/17 MP: 1/1
   127 | D:1      | Reached XP level 2. HP: 15/25 MP: 2/2
  1210 | D:2      | Reached skill level 6 in Bows
  1210 | D:2      | Reached XP level 3. HP: 22/30 MP: 3/3
  2074 | D:2      | Found a glowing silver altar of Zin.
  2074 | D:2      | Found a glowing golden altar of the Shining One.
  2074 | D:2      | Found a white marble altar of Elyvilon.
  2155 | D:2      | Found a sparkling altar of Nemelex Xobeh.
  2532 | D:2      | Reached XP level 4. HP: 36/38 MP: 4/4
  2828 | D:2      | Found a runed translucent door.
  2829 | D:2      | Noticed Crazy Yiuf
  3857 | D:3      | Reached skill level 7 in Bows
  3859 | D:3      | Reached XP level 5. HP: 35/46 MP: 5/5
  4175 | D:3      | Found a bloodstained altar of Trog.
  4320 | D:3      | Noticed Natasha
  4330 | D:3      | Killed Natasha
  4521 | D:4      | Reached XP level 6. HP: 43/53 MP: 6/6
  4532 | D:4      | Got a polished cloak
  4538 | D:4      | Identified the +1 cloak of Xiosoaz {rPois rF++ Dex-5
                  | Stlth+} (You found it on level 4 of the Dungeon)
  5022 | D:4      | Reached skill level 8 in Bows
  5219 | D:4      | Noticed Menkaure
  5227 | D:4      | Mangled by Menkaure

Levels and vault maps discovered:
D:1:      dpeg_arrival_round_c, layout_basic, chequers_serial_rivers_marsh
D:2:      layout_loops_corners, good_gods_mini_temple, lemuel_round_altar,
          uniq_crazy_yiuf_cottage
D:3:      layout_loops_ring, lemuel_crystal_altar, uniq_natasha
D:4:      layout_basic, first_ration, uniq_robin, uniq_menkaure, uniq_eustachio

Skill      XL: |  1  2  3  4  5  6 |
---------------+-------------------+-----
Bows           | 6 7 8 |  8.0
Fighting       | 3 4 |  4.9
Polearms       | |  0.2
Dodging        | |  1.3
Stealth        | |  0.4

Action                   |  1- 3 |  4- 6 || total
-------------------------+-------+-------++-------
Melee: Short sword       |   147 |   189 ||   336
       Kick              |    18 |    41 ||    59
       Trident           |       |    37 ||    37
  Use: Scroll            |     4 |     6 ||    10
       Potion            |     1 |       ||     1
  Eat: Chunk             |     1 |     4 ||     5
       Ration            |     1 |     1 ||     2
Armor: Leather armour    |    31 |       ||    31
       Ring mail         |    27 |   107 ||   134
Dodge: Dodged            |    61 |    88 ||   149
